 Dungeon Crawl Stone Soup version 0.27-a0-1140-g099f9bb0e8 (webtiles) character file.

Game seed: 5523648677348009983

82 Vomitron the Slasher (level 4, -2/41 HPs)
             Began as a Minotaur Monk on May 10, 2021.
             Slain by a gnoll sergeant
             ... wielding a +2 spear of flaming
              (3 damage)
             ... on level 2 of the Dungeon.
             The game lasted 00:02:18 (2710 turns).

Vomitron the Slasher (Minotaur Monk)                Turns: 2710, Time: 00:02:20

Health: -2/41      AC:  6    Str: 22    XL:     4   Next: 21%
Magic:  3/3        EV: 12    Int:  7    God:
Gold:   15         SH:  0    Dex: 13    Spells: 3/3 levels left

rFire    . . .     SeeInvis .   a - +0 falchion
rCold    . . .     Faith    .   (no shield)
rNeg     . . .     Spirit   .   f - +0 ring mail
rPois    +         Reflect  .   (helmet restricted)
rElec    .         Harm     .   d - +0 cloak {rPois}
rCorr    .         Rampage  .   (no gloves)
Will     .....                  (no boots)
Stlth    +.........             (no amulet)
HPRegen  0.13/turn              o - +6 ring of strength
MPRegen  0.08/turn              (no ring)

@: no status effects
A: horns 2, retaliatory headbutt
a: no special abilities


You were on level 2 of the Dungeon.
You visited 1 branch of the dungeon, and saw 3 of its levels.

You collected 15 gold pieces.

Inventory:

Hand Weapons
 a - a +0 falchion (weapon)
Armour
 b - a +0 robe
 d - a +0 cloak of poison resistance (worn)
 f - a +0 ring mail (worn)
Jewellery
 o - a +6 ring of strength (left hand)
Scrolls
 c - a scroll of vulnerability {unknown}
 e - 3 scrolls of identify {unknown}
 g - a scroll of enchant armour {unknown}
 h - 2 scrolls of acquirement {unknown}
 m - a scroll of fog {unknown}
 p - a scroll of teleportation {unknown}
Potions
 i - a potion of heal wounds {unknown}
 j - a potion of lignification {unknown}
 k - a potion of degeneration {unknown}
 l - a potion of resistance {unknown}
 n - a potion of mutation {unknown}
 q - a potion of brilliance {unknown}


   Skills:
 + Level 4.3 Fighting
 * Level 5.1 Long Blades
 + Level 2.0 Armour
 - Level 3.2 Dodging
 - Level 1.5 Stealth


You had 3 spell levels left.
You didn't know any spells.
Your spell library was empty.

Dungeon Overview and Level Annotations

Branches:
Dungeon (3/15)

Altars:

Shops:
D:1 ((([[


Innate Abilities, Weirdness & Mutations

You have a pair of horns on your head.
You reflexively headbutt those who attack you in melee.


Message History

2 gnolls and a gnoll sergeant come into view.
The gnoll sergeant is wielding a +2 spear of flaming.
The gnoll shouts! x2; You hear a shout!
There is a stone staircase leading up here.
There are monsters nearby!
Unknown command.
The gnoll sergeant hits you with a +2 spear of flaming!
The gnoll sergeant burns you.
You climb upwards.
There is a stone staircase leading down here.
Unknown command.
Unknown command.
Unknown command.
You hit the gnoll sergeant but do no damage.
The gnoll sergeant hits you with a +2 spear of flaming.
The gnoll sergeant burns you.
Unknown command.
The gnoll sergeant blocks your attack.
The gnoll sergeant hits you with a +2 spear of flaming.
The gnoll sergeant burns you. The gnoll sergeant blocks your attack.
The gnoll sergeant barely misses you. You furiously retaliate!
You headbutt the gnoll sergeant, but do no damage.
You hit the gnoll sergeant.
The gnoll sergeant is lightly wounded.
The gnoll sergeant hits you with a +2 spear of flaming!
The gnoll sergeant burns you. The gnoll sergeant blocks your attack.
The gnoll sergeant is lightly wounded.
The gnoll sergeant hits you with a +2 spear of flaming.
* * * LOW HITPOINT WARNING * * *
The gnoll sergeant burns you.
* * * LOW HITPOINT WARNING * * *
You hit the gnoll sergeant but do no damage.
The gnoll sergeant blocks your attack.
The gnoll sergeant is lightly wounded.
The gnoll sergeant hits you with a +2 spear of flaming!
* * * LOW HITPOINT WARNING * * *
The gnoll sergeant burns you.
You die...

...# ##.#.##.## #.###.#.#.#.#.
...# #.......# #.###.#....)..
...# #.##..#.## #....(######.#
...# #....#...########## #.#
...#####...###...##.....# #.#
..........## ##..##.....# ##.#
..(........###..........# #..#
............#.#.g##.....# ##.##
....#####.......@##.....# #..#
....# #.......######### #.##
....# ##.#...## #.# ....#
#.#...#### #.#
....######.#......# #.#
....##.......#.##.# #.###
....##.###.#.#.##.######### #....
..#.##.###.....##.........###.##.
###.......##..########...........


You could see a gnoll sergeant.

Vanquished Creatures
  Crazy Yiuf (D:2)
  2 adders
  2 worms (D:2)
  A dart slug (D:1)
  4 endoplasms
  A giant cockroach (D:1)
  3 hobgoblins
  A quokka (D:2)
  5 ball pythons (D:1)
  4 bats
  2 frilled lizards (D:2)
  6 goblins
  A rat (D:2)
33 creatures vanquished.

Notes
Turn   | Place    | Note
-------+----------+-------------------------------------------
     0 | D:1      | Vomitron the Minotaur Monk began the quest for the Orb.
     0 | D:1      | Reached XP level 1. HP: 19/19 MP: 0/0
   115 | D:1      | Found Xathrusaph's Antique Weapon Shoppe.
   202 | D:1      | Found Xikkikkeino's Weapon Boutique.
   302 | D:1      | Found Imudwer's Antique Armour Shop.
   559 | D:1      | Found Buif Puv's Antique Weapon Shoppe.
   787 | D:1      | Reached skill level 4 in Long Blades
   792 | D:1      | Reached XP level 2. HP: 27/27 MP: 1/1
   876 | D:1      | Reached skill level 1 in Armour
  1000 | D:1      | Found Penecvi's Armour Shoppe.
  1307 | D:1      | Reached XP level 3. HP: 6/33 MP: 2/2
  2102 | D:2      | Found a runed translucent door.
  2103 | D:2      | Noticed Crazy Yiuf
  2427 | D:2      | Killed Crazy Yiuf
  2428 | D:2      | Reached skill level 5 in Long Blades
  2428 | D:2      | Reached XP level 4. HP: 9/41 MP: 3/3
  2702 | D:3      | Noticed a gnoll sergeant
  2710 | D:2      | HP: 1/41 [gnoll sergeant/+2 spear of flaming (7)]
  2710 | D:2      | Slain by a gnoll sergeant

Illustrated notes

Levels and vault maps discovered:
D:1:      elethiomel_arrival_maze, layout_basic, serial_shops,
          nicolae_shop_behind_doors, nicolae_shop_behind_doors,
          nicolae_shop_statue_plus, shop, nicolae_shop_window_shopping,
          minmay_split_cup_large
D:2:      layout_loops_cross, serial_glass, glass_columns_b, glass_columns_b,
          glass_columns_a, glass_columns_b, glass_columns_a, glass_columns_c,
          uniq_crazy_yiuf_cottage
D:3:      minmay_recursive_quarters, layout_basic,
          nicolae_overflow_quartered_altars, shapermc_ecumenical_altar_gd

Skill      XL: |  1  2  3 |
---------------+----------+-----
Long Blades    | 4 5 |  5.1
Armour         | 1 2 |  2.0
Fighting       | 4 |  4.3
Dodging        | |  3.2
Stealth        | |  1.5

Action                   |  1- 3 |  4- 6 || total
-------------------------+-------+-------++-------
Melee: Falchion          |    65 |     6 ||    71
       Headbutt          |    13 |       ||    13
  Use: Potion            |     3 |       ||     3
Armor: Ring mail         |    22 |       ||    22
       Robe              |     3 |       ||     3
Dodge: Dodged            |    37 |     1 ||    38
       Rpst.: Falchion   |    13 |       ||    13

Table legend: (Time is in decaauts)
 A = Elapsed time spent in this place.
 B = Non-inter-level travel time spent in this place.
 C = Inter-level travel time spent in this place.
 D = Time resting spent in this place.
 E = Time spent auto-exploring this place.
 F = Levels seen in this place.
 G = Mean time per level.
                   A        B        C        D        E       F      G
               +--------+--------+--------+--------+--------+-----+--------+
         Total |   2716 |   2660 |     56 |    475 |   1955 |   3 |  905.3 |
       Dungeon |   2716 |   2660 |     56 |    475 |   1955 |   3 |  905.3 |
               +--------+--------+--------+--------+--------+-----+--------+

Top non-repeatable levels by time:
     D:1: 1430 daAuts
     D:2: 1284 daAuts
     D:3: 1 daAuts
